 Dungeon Crawl Stone Soup version 0.18.1-48-g4cf74bf (webtiles) character file.

917 Gargoyl the Covered (level 7, -2/54 HPs)
             Began as a Demonspawn Abyssal Knight on June 30, 2016.
             Was a Priest of Lugonu.
             Slain by Prince Ribbit (6 damage)
             ... on level 5 of the Dungeon.
             The game lasted 00:08:38 (5224 turns).

Gargoyl the Covered (Demonspawn Abyssal Knight)     Turns: 5224, Time: 00:08:39

Health: -2/54      AC: 17    Str: 14    XL:     7   Next: 83%
Magic:  8/8        EV: 13    Int: 13    God:    Lugonu [***...]
Gold:   199        SH:  6    Dex: 18    Spells: 0 memorised, 6 levels left

rFire  + . .     SeeInvis .     e - +2 war axe (venom)
rCold  + . .     Gourm    .     r - +0 chain mail
rNeg   . . .     Faith    .     x - +2 buckler {AC+3}
rPois  +         Spirit   .     l - +0 helmet
rElec  +         Dismiss  .     (no cloak)
rCorr  +         Reflect  .     m - +2 pair of gloves
SustAt .         Harm     .     (no boots)
MR     .....                    (no amulet)
Stlth  ..........               (no ring)
                                k - +1 ring of evasion

@: agile, resistant, not resistant to hostile enchantments, extremely unstealthy
A: claws 1, foul stench 1, powered by pain 1, rot immunity
a: Depart the Abyss, Bend Space, Banish, Renounce Religion


You were on level 5 of the Dungeon.
You worshipped Lugonu.
Lugonu was most pleased with you.
You were very hungry.

You visited 1 branch of the dungeon, and saw 5 of its levels.
You visited the Abyss 1 time.

You collected 199 gold pieces.

Inventory:

Hand Weapons
 e - a +2 war axe of venom (weapon)
Armour
 l - a +0 helmet (worn)
 m - a +2 pair of gloves (worn)
 r - a +0 chain mail (worn)
 x - a +2 buckler of protection (worn)
Jewellery
 k - a +1 ring of evasion (left hand)
Scrolls
 p - a scroll of recharging
 s - 4 scrolls of remove curse
 A - 2 scrolls of magic mapping
Potions
 a - a potion of berserk rage {unknown}
 f - a potion of resistance
 g - a potion of heal wounds {unknown}
 h - a potion of lignification {unknown}
 i - a potion of might {unknown}
 j - a potion of flight {unknown}
 o - a potion of brilliance {unknown}
 t - 2 potions of invisibility
 v - a potion of curing {unknown}
 w - a potion of ambrosia {unknown}
 z - a potion of cancellation {unknown}
Comestibles
 b - a slice of pizza
 c - 4 bread rations
 d - 2 fruits
 n - 2 beef jerkies


   Skills:
 + Level 4.1 Fighting
 + Level 4.0 Axes
 * Level 6.0 Armour
 + Level 2.9 Dodging
 + Level 0.6 Stealth
 + Level 1.1 Shields
 + Level 2.6 Invocations


You had 6 spell levels left.
You didn't know any spells.

Dungeon Overview and Level Annotations

Branches:
Dungeon (5/15)
 Temple: D:4-7

Altars:
Gozag
Qazlal
The Shining One

Annotations:
D:5 Prince Ribbit


Innate Abilities, Weirdness & Mutations

You have sharp fingernails.
You may emit foul miasma when damaged in melee.
You sometimes gain a little power by taking damage.
You are immune to rotting.


Message History

Prince Ribbit hits you. The iguana bites you!
You focus on the pain.
You feel agile all of a sudden.
You emit a cloud of foul miasma!
You completely miss the iguana.
The iguana is lightly wounded.
You barely miss Prince Ribbit. Prince Ribbit hits you.
* * * LOW HITPOINT WARNING * * *
The iguana is engulfed in dark miasma.
The iguana looks even sicker.
The iguana bites you.
* * * LOW HITPOINT WARNING * * *
Prince Ribbit hits you.
* * * LOW HITPOINT WARNING * * *
The iguana is engulfed in dark miasma.
The iguana looks even sicker.
The iguana bites you.
* * * LOW HITPOINT WARNING * * *
Drink which item? (? for menu, Esc to quit)
It was a potion of resistance.
You feel protected. Prince Ribbit hits you.
You die...

****,*******,,,,,,#........#
*,,,,* *...,,,#........#
***+*** *#..,,,#........#
*,,,,,* #..,,,#....!...#
*,,,,,* *..***#..$.....#
*,,,,,* *#.* #........#
*,,,,,* #.## #.########
*,,,,,* #Fl###.#*###****
*,,,,,*********#@....#....,,,*
*,,,,,*,,,,,,* #..##.#.....,,*
***,***,,,,,,###...........,,*
***,***,,,,,,#............,,,*
,,,,*,,,,,,,,#.##.....#'##****
,****,,,,,***#...........#
,****,,,,,***#..#........#
,,,,+,,,,,**,#..#........##
*****,<,,,**.#............#


You could see Prince Ribbit and an iguana.

Vanquished Creatures
  The ghost of r0y the Ducker, a novice KoBe of Trog (D:5)
  An ice beast (D:5)
  An ogre (D:5)
  A giant frog zombie (D:5)
  2 hounds (D:4)
  An orc wizard (D:4)
  4 worker ants
  A hound skeleton (D:5)
  A worker ant zombie (D:5)
  2 adders (D:2)
  A shadow imp (D:5)
  An ooze (D:1)
  3 worms
  2 dart slugs (D:1)
  5 giant geckos
  5 orcs
  3 ball pythons
  11 bats
  9 giant cockroaches
  10 hobgoblins
  8 jackals
  3 quokkas
  A giant cockroach zombie (D:5)
  A giant gecko skeleton (D:4)
  3 giant newts
  9 goblins
  8 kobolds
  A quokka skeleton (D:3)
  11 rats
110 creatures vanquished.

Vanquished Creatures (others)
  3 plants (D:5)
3 creatures vanquished.

Grand Total: 113 creatures vanquished

Notes
Turn   | Place    | Note
--------------------------------------------------------------
     0 | Abyss:1  | Gargoyl the Demonspawn Abyssal Knight began the quest for the Orb.
     0 | Abyss:1  | Reached XP level 1. HP: 18/18 MP: 2/2
    38 | Abyss:1  | Noticed an insubstantial wisp
    75 | Abyss:1  | Noticed a ynoxinul
    92 | Abyss:1  | Noticed a smoke demon
    92 | Abyss:1  | Found a corrupted altar of Lugonu.
   142 | Abyss:1  | Found a corrupted altar of Lugonu.
   175 | Abyss:1  | Noticed a large abomination
   183 | Abyss:1  | Noticed an ettin zombie
   190 | Abyss:1  | Noticed a starcursed mass
   190 | Abyss:1  | Noticed a wretched star
   191 | D:1      | Escaped the Abyss
   375 | D:1      | Reached skill level 2 in Armour
   495 | D:1      | Gained mutation: You are immune to rotting. [demonic ancestry]
   495 | D:1      | Reached XP level 2. HP: 13/24 MP: 3/3
   726 | D:1      | Reached * piety under Lugonu
   997 | D:1      | Reached skill level 1 in Dodging
  1053 | D:1      | Reached XP level 3. HP: 27/29 MP: 4/4
  1844 | D:2      | Found an opulent altar of Gozag.
  1893 | D:2      | Reached ** piety under Lugonu
  1941 | D:2      | Gained mutation: You may emit foul miasma when damaged in melee. [demonic ancestry]
  1941 | D:2      | Reached XP level 4. HP: 35/35 MP: 5/5
  2023 | D:2      | Reached skill level 3 in Armour
  3693 | D:4      | Gained mutation: You sometimes gain a little power by taking damage. [demonic ancestry]
  3693 | D:4      | Reached XP level 5. HP: 41/41 MP: 6/6
  3789 | D:4      | Reached *** piety under Lugonu
  3934 | D:4      | Reached skill level 4 in Armour
  3946 | D:4      | Gained mutation: You have sharp fingernails. [demonic ancestry]
  3946 | D:4      | Reached XP level 6. HP: 34/48 MP: 7/7
  4091 | D:4      | Found a glowing golden altar of the Shining One.
  4091 | D:4      | Found a stormy altar of Qazlal.
  4304 | D:5      | Entered Level 5 of the Dungeon
  4305 | D:5      | Noticed r0y's ghost (novice KoBe)
  4321 | D:5      | Killed r0y's ghost
  4321 | D:5      | Reached skill level 5 in Armour
  4321 | D:5      | Reached skill level 1 in Shields
  4321 | D:5      | Reached XP level 7. HP: 22/54 MP: 8/8
  5057 | D:5      | Reached skill level 6 in Armour
  5217 | D:5      | Noticed Prince Ribbit
  5224 | D:5      | Slain by Prince Ribbit

Skill      XL: |  1  2  3  4  5  6  7 |
---------------+----------------------+-----
Armour         | 2 3 4 5 6 |  6.0
Axes           | 2 3 4 |  4.0
Dodging        | 1 2 |  2.9
Fighting       | 4 |  4.1
Shields        | 1 |  1.1
Stealth        | |  0.6
Invocations    | |  2.6

Action                   |  1- 3 |  4- 6 |  7- 9 || total
-------------------------+-------+-------+-------++-------
Melee: Hand axe          |   126 |    74 |       ||   200
       War axe           |       |    94 |    57 ||   151
Invok: Depart the Abyss  |     1 |       |       ||     1
  Use: Scroll            |       |       |    10 ||    10
       Potion            |       |       |     1 ||     1
  Eat: Chunk             |     4 |     7 |     2 ||    13
Armor: Scale mail        |    57 |    16 |       ||    73
       Chain mail        |       |   115 |    31 ||   146
Dodge: Dodged            |    66 |    82 |    24 ||   172
Block: Buckler           |       |    20 |     8 ||    28
